 Dungeon Crawl Stone Soup version 0.20.1-1-g8b1a95d (webtiles) character file.

19 letownia2 the Grave Robber (level 2, -7/22 HPs)
             Began as a Deep Dwarf Necromancer on Dec 15, 2017.
             Mangled by an iguana (9 damage)
             ... on level 4 of the Dungeon.
             The game lasted 00:02:41 (640 turns).

letownia2 the Grave Robber (Deep Dwarf Necromancer)  Turns: 640, Time: 00:02:41

Health: -7/22      AC:  3    Str: 11    XL:     2   Next: 55%
Magic:  0/5        EV: 12    Int: 15    God:
Gold:   22         SH:  0    Dex: 13    Spells: 4/5 levels left

rFire    + . .     SeeInvis .   (no weapon)
rCold    . . .     Gourm    .   (no shield)
rNeg     . . .     Faith    .   e - +0 leather armour
rPois    .         Spirit   .   (no helmet)
rElec    .         Reflect  .   (no cloak)
rCorr    .         Harm     .   (no gloves)
MR       .....                  (no boots)
Stlth    ++........             (no amulet)
Regen    0.0/turn               g - ring of protection from fire
MPRegen  0.1/turn               (no ring)

@: non-regenerating
A: damage resistance, heal wounds, sense surroundings 1, no regeneration
a: Heal Wounds


You were on level 4 of the Dungeon.
You were not hungry.

You visited 1 branch of the dungeon, and saw 4 of its levels.

You collected 22 gold pieces.

Inventory:

Armour
 e - a +0 leather armour (worn)
Jewellery
 g - a ring of protection from fire (left hand)
Scrolls
 a - a scroll of random uselessness {unknown}
 f - 2 scrolls of identify {unknown}
Potions
 d - a potion of ambrosia {unknown}
Books
 b - a book of Necromancy

   Spells                             Type                      Level
   a - Pain                           Necromancy                   1
   b - Animate Skeleton               Necromancy                   1
   c - Vampiric Draining              Necromancy                   3
   d - Regeneration                   Charms/Necromancy            3
   e - Animate Dead                   Necromancy                   4
   f - Control Undead                 Necromancy                   4
Comestibles
 c - a bread ration
 h - a chunk of flesh
 i - a meat ration
 j - a royal jelly


   Skills:
 - Level 2.1 Dodging
 - Level 2.4 Stealth
 + Level 2.2 Spellcasting
 + Level 4.8 Necromancy


You had 4 spell levels left.
You knew the following spells:

 Your Spells              Type           Power        Failure   Level  Hunger
a - Pain                  Necr           ###.         3%          1    #......


Dungeon Overview and Level Annotations

Branches:
Dungeon (4/15)
 Temple: D:4-7

Altars:
Dithmenos
Gozag
Hepliaklqana
Okawaru
Trog


Innate Abilities, Weirdness & Mutations

You are resistant to damage.
You can heal yourself by infusing magical energy.
You passively map a small area around you.
You do not regenerate.


Message History

You don't have enough magic to cast that spell.
Casting: Pain
Confirm with . or Enter, or press ? or * to list all spells.
Aiming: Pain
Press: ? - help, Shift-Dir - straight line, f/p - iguana
Aim: an iguana (severely wounded, chance to defeat MR: 81%)
The iguana writhes in agony!
The iguana misses you.
Unknown command.
Unknown command.
Your magical contamination has completely faded away.
Casting: Pain
Confirm with . or Enter, or press ? or * to list all spells.
Aiming: Pain
Press: ? - help, Shift-Dir - straight line, f/p - iguana
Aim: an iguana (severely wounded, chance to defeat MR: 81%)
The iguana writhes in agony!
The iguana closely misses you.
Unknown command.
Unknown command.
The iguana bites you!
You die...

*##.#......## #..# ,
............# ##.# ,
............# #.# ,
...##########.# #.# ,
..# #.## #.# ## #..#
#.# * * , ##.###.#
#.l##.. * ##.@##.# *
##.##.#..# ##......#
#########....##.#
.#####.รท<......##.#*
** ..............##
.#* , ######........#
.. ** #..........#
##, , #.####..#### *
,


You could see an iguana.

Vanquished Creatures
  An adder (D:3)
  A leopard gecko (D:4)
  3 bats
  A giant cockroach (D:3)
  A hobgoblin (D:3)
  A frilled lizard (D:1)
  2 kobolds
10 creatures vanquished.

Notes
Turn   | Place    | Note
-------+----------+-------------------------------------------
     0 | D:1      | letownia2 the Deep Dwarf Necromancer began the quest for the Orb.
     0 | D:1      | Reached XP level 1. HP: 15/15 MP: 3/3
   224 | D:3      | Found a hazy altar of Hepliaklqana.
   407 | D:3      | Reached XP level 2. HP: 16/22 MP: 0/5
   537 | D:4      | Found an opulent altar of Gozag.
   538 | D:4      | Found a shadowy altar of Dithmenos.
   544 | D:4      | Found an iron altar of Okawaru.
   545 | D:4      | Found a bloodstained altar of Trog.
   640 | D:4      | Mangled by an iguana

Skill      XL: |  1 |
---------------+----+-----
Spellcasting   | 2 |  2.2
Dodging        | |  2.1
Stealth        | |  2.4
Necromancy     | |  4.8

Action                   || total
-------------------------++-------
Melee: Unarmed           ||    11
 Cast: Pain              ||    31
Armor: Leather armour    ||    18
Dodge: Dodged            ||    60
